 Dungeon Crawl Stone Soup version 0.25-a0-663-gace7076 (webtiles) character file.

Game seed: 6018951332066760318, levelgen mode: deterministic

313 MrTaco21 the Cudgeler (level 6, -5/37 HPs)
             Began as a Gargoyle Fighter on Mar 24, 2020.
             Slain by Auros's ghost (7 damage)
             ... on level 3 of the Dungeon.
             The game lasted 00:05:07 (3000 turns).

MrTaco21 the Cudgeler (Gargoyle Fighter)            Turns: 3000, Time: 00:05:08

Health: -5/37      AC: 13    Str: 22    XL:     6   Next: 43%
Magic:  6/6        EV:  7    Int:  8    God:
Gold:   254        SH:  9    Dex:  9    Spells: 5/5 levels left

rFire    x . .     SeeInvis .   a - +0 flail
rCold    + . .     Gourm    .   c - +0 kite shield
rNeg     + . .     Faith    .   b - +0 scale mail
rPois    ∞         Spirit   .   (no helmet)
rElec    +         Reflect  .   i - +0 cloak
rCorr    .         Harm     .   v - +0 pair of gloves
MR       .....                  (no boots)
Stlth    ..........             (no amulet)
HPRegen  0.12/turn              t - ring of ice
MPRegen  0.10/turn              (no ring)

@: no status effects
A: negative energy resistance 1, electricity resistance, unbreathing,
petrification resistance, rot immunity, AC +4
a: no special abilities


You were on level 3 of the Dungeon.
You were not hungry.

You visited 1 branch of the dungeon, and saw 3 of its levels.

You collected 254 gold pieces.

Inventory:

Hand Weapons
 a - a +0 flail (weapon)
Armour
 b - a +0 scale mail (worn)
 c - a +0 kite shield (worn)
 g - a +0 chain mail
   (You took it off a goblin on level 1 of the Dungeon)
 i - a +0 cloak (worn)
   (You took it off Crazy Yiuf on level 2 of the Dungeon)
 v - a +0 pair of gloves (worn)
   (You found it on level 3 of the Dungeon)
Jewellery
 t - a ring of ice (left hand)
   (You found it on level 3 of the Dungeon)
Wands
 k - a wand of scattershot (4)
   (You found it on level 2 of the Dungeon)
Scrolls
 f - 2 scrolls of amnesia {unknown}
 h - 4 scrolls of remove curse {unknown}
 m - 3 scrolls of identify {unknown}
 o - 4 scrolls of magic mapping {unknown}
 p - 2 scrolls of enchant armour {unknown}
 r - a scroll of noise {unknown}
 u - 3 scrolls of teleportation {unknown}
Potions
 d - a potion of might
 j - a potion of cancellation {unknown}
 l - a potion of heal wounds {unknown}
 n - a potion of lignification {unknown}
 q - 2 potions of stabbing {unknown}
 w - a potion of degeneration {unknown}
Comestibles
 e - 5 rations {!d}
 s - 8 chunks of flesh


   Skills:
 - Level 3.2 Fighting
 + Level 6.6 Maces & Flails
 - Level 3.2 Armour
 - Level 3.2 Shields


You had 5 spell levels left.
You didn't know any spells.
Your spell library contained the following spells:

 Spells                   Type           Power        Failure   Level  Hunger
 Beastly Appendage        Tmut           #.....       99%         1    ##.....
 Sticks to Snakes         Tmut           #.......     100%        2    ###....
 Spider Form              Tmut/Pois      #.........   100%        3    ####...
 Ice Form                 Ice/Tmut       #.......     100%        4    #####..
 Blade Hands              Tmut           #.........   100%        5    ######.


Dungeon Overview and Level Annotations

Branches:
Dungeon (3/15)

Altars:
Ashenzari
Cheibriados
Wu Jian

Annotations:
D:3 Auros's ghost, amateur HOFi


Innate Abilities, Weirdness & Mutations

You are resistant to torment.
Your stone body is resilient. (AC +4)
You are immune to poison.
You resist negative energy. (rN+)
You are resistant to electric shocks. (rElec)
You can survive without breathing.
You are immune to petrification.
You are immune to rotting.


Message History

s - 8 chunks of flesh (gained 4)
Things that are here:
a +0 spear; a gnoll skeleton
Things that are here:
a +0 spear; a gnoll skeleton
Things that are here:
a +1 spear of venom; a gnoll skeleton x2
Found an ornate altar of the Wu Jian Council.
There is an open door here.
You see here 16 arrows.
There is a fountain of clear blue water here.
Partly explored, can't reach some items.
Partly explored, can't reach some items.
Partly explored, can't reach some items.
Partly explored, can't reach some items.
Partly explored, can't reach some items.
Partly explored, can't reach some items.
Search for what [Enter for "."]? .
You see here 16 arrows.
There is an open door here.
Things that are here:
a +1 spear of venom; a gnoll skeleton x2
Things that are here:
a +0 spear; a gnoll skeleton
Things that are here:
a +0 dagger; a +0 chain mail; 2 boomerangs Auros's ghost turns its malevolent gaze towards you.
You open the door. You barely miss Auros's ghost. Auros's ghost hits you!
You hit Auros's ghost but do no damage. Auros's ghost hits you!
* * * LOW HITPOINT WARNING * * *
You sock Auros's ghost! Auros's ghost hits you!
* * * LOW HITPOINT WARNING * * *
You sock Auros's ghost!
Auros's ghost hits you but does no damage.
Auros's ghost hits you.
* * * LOW HITPOINT WARNING * * *
Your shield and scale mail prevent you from hitting Auros's ghost.
Auros's ghost completely misses you.
Your shield and scale mail prevent you from hitting Auros's ghost.
Auros's ghost barely misses you.
Unknown command.
You hit Auros's ghost. Auros's ghost hits you.
* * * LOW HITPOINT WARNING * * *
You hit Auros's ghost but do no damage. Auros's ghost hits you.
* * * LOW HITPOINT WARNING * * *
You sock Auros's ghost!
Auros's ghost hits you but does no damage.
You hit Auros's ghost but do no damage. Auros's ghost hits you!
You die...

#.# #####.# #.##.#
#...... #.# #.# #.##.#
#.#.### #.# #.# #.##.#
#.#.# #.#######.#
#.##.# #.#.#
#.......#.#
#.##.###.#.###
#######.#.#
#.##.......... #.#.#
#.######.#.###
#.#.###.######.#.#
#..@.##..........###
###W##..######.##...
#####.≈.##.######......
#...#.≈.##.#.........##
#)###.≈.##.#.######..#
#.# #.≈.##..#........#
#.# #.?.####.######.##
#.# ##### #.# #.# #.#
#.# ####.#


You could see Auros's ghost.

Vanquished Creatures
  Crazy Yiuf (D:2)
  An orc priest (D:3)
  2 orc wizards (D:3)
  A bullfrog skeleton (D:2)
  3 gnolls (D:3)
  4 adders
  2 oozes (D:2)
  3 worms
  3 dart slugs
  2 leopard geckos
  5 orcs (D:3)
  3 ball pythons
  2 giant cockroaches (D:3)
  9 goblins
  7 hobgoblins
  5 jackals
  3 quokkas
  7 bats
  5 frilled lizards
  8 kobolds
  4 rats
80 creatures vanquished.

Notes
Turn   | Place    | Note
-------+----------+-------------------------------------------
     0 | D:1      | MrTaco21 the Gargoyle Fighter began the quest for the Orb.
     0 | D:1      | Reached XP level 1. HP: 14/14 MP: 1/1
   100 | D:1      | Found a shattered altar of Ashenzari.
   147 | D:1      | Reached XP level 2. HP: 17/19 MP: 2/2
   212 | D:1      | Reached skill level 3 in Maces & Flails
   724 | D:2      | Reached XP level 3. HP: 23/23 MP: 3/3
   821 | D:2      | Found a runed translucent door.
   822 | D:2      | Noticed Crazy Yiuf
   951 | D:2      | Reached skill level 4 in Maces & Flails
  1158 | D:2      | Reached XP level 4. HP: 26/28 MP: 4/4
  1621 | D:2      | Reached skill level 5 in Maces & Flails
  1623 | D:2      | Reached XP level 5. HP: 32/32 MP: 5/5
  1755 | D:2      | Paralysed by Crazy Yiuf for 5 turns
  1761 | D:2      | Killed Crazy Yiuf
  2441 | D:3      | Found a runed translucent door.
  2559 | D:3      | Noticed Auros's ghost (amateur HOFi)
  2600 | D:3      | Reached skill level 6 in Maces & Flails
  2601 | D:3      | Reached XP level 6. HP: 26/37 MP: 6/6
  2884 | D:3      | Found a snail-covered altar of Cheibriados.
  2923 | D:3      | Found an ornate altar of the Wu Jian Council.
  3000 | D:3      | Slain by Auros's ghost

Levels and vault maps discovered:
D:1:      sevenhm_arrival_forest_fort_large_4, layout_rooms,
          minmay_statues_item, hangedman_decor_opposing, ashenzari_altar_1
D:2:      layout_basic, uniq_crazy_yiuf_cottage
D:3:      layout_loops_ring, gammafunk_temple_overflow_pools, first_ration,
          ebering_ghost_reflecting_pool, minmay_misc_feat_rows

Skill      XL: |  1  2  3  4  5 |
---------------+----------------+-----
Maces & Flails | 3 4 5 6 |  6.6
Fighting       | |  3.2
Armour         | |  3.2
Shields        | |  3.2

Action                   |  1- 3 |  4- 6 || total
-------------------------+-------+-------++-------
Melee: Flail             |   116 |   225 ||   341
  Eat: Chunk             |     1 |     6 ||     7
Armor: Scale mail        |    78 |   163 ||   241
Dodge: Dodged            |    37 |   100 ||   137
Block: Kite shield       |    65 |   139 ||   204

Table legend:
 A = Non-vault XP
 B = Vault XP
 C = Vault XP percentage of total XP
 D = Non-vault monster count
 E = Vault monster count
 F = Vault count percentage of total count
                 A         B        C        D         E       F
            +---------+---------+-------+---------+---------+-------
      Total |     406 |      42 |   9.4 |      79 |       1 |   1.2
            +---------+---------+-------+---------+---------+-------
        D:1 |      30 |       0 |   0.0 |      18 |       0 |   0.0
        D:2 |     137 |      42 |  23.5 |      26 |       1 |   3.7
        D:3 |     239 |       0 |   0.0 |      35 |       0 |   0.0
            +---------+---------+-------+---------+---------+-------
